 Dungeon Sprint DCSS version 0.24-a0-250-g6074511092 (webtiles) character file.

Game seed: 16129341720599619983

272 Redear the Fighter (level 7, 0/63 HPs)
             Began as a Demonspawn Fighter on Apr 15, 2019.
             Was a High Priest of Makhleb.
             Slain by a four-headed hydra (6 damage)
             ... summoned by a witch
             ... in the Dungeon (Sprint VI: "Thunderdome").
             The game lasted 00:06:13 (796 turns).

Redear the Fighter (Demonspawn Fighter)              Turns: 796, Time: 00:06:14

Health: 0/63       AC:  8    Str: 24    XL:     7   Next: 83%
Magic:  0/30       EV: 16    Int: 11    God:    Makhleb [*****.]
Gold:   369        SH:  0    Dex: 18    Spells: 6/6 levels left

rFire    . . .     SeeInvis .   a - +0 long sword
rCold    . . .     Gourm    .   (no shield)
rNeg     . . .     Faith    .   b - +0 scale mail
rPois    .         Spirit   +   (no helmet)
rElec    .         Reflect  .   (no cloak)
rCorr    .         Harm     .   (no gloves)
MR       .....     NoTele   +   (no boots)
Stlth    ..........             m - amulet "Rezxo" {Spirit Str+2}
HPRegen  0.20/turn              k - ring "Bimurad" {MP+9 Int+2 Dex+2}
MPRegen  0.22/turn              l - ring "Ashuiso" {+Blink +Inv MP+9 Str+4 Dex+3}

@: no status effects
A: repulsion field 2, demonic guardian 1
a: Minor Destruction, Lesser Servant of Makhleb, Major Destruction, Greater
Servant of Makhleb, Renounce Religion, Evoke Blink, Evoke Invisibility


You were in the Dungeon.
You worshipped Makhleb.
Makhleb was extremely pleased with you.
You were not hungry.

You visited 1 branch You collected 609 gold pieces.
You spent 240 gold pieces at shops.

Inventory:

Hand Weapons
 a - a +0 long sword (weapon)
 c - a +1 dagger of venom
 n - a +3 dagger
Armour
 b - a +0 scale mail (worn)
 g - a +0 cloak
 h - a +0 shield
Jewellery
 k - the ring "Bimurad" (left hand) {MP+9 Int+2 Dex+2}
   (You bought it in a shop in the Dungeon)

   [ring of magical power]

   It affects your intelligence (+2).
   It affects your dexterity (+2).
   It affects your magic capacity (+9).
 l - the ring "Ashuiso" (right hand) {+Blink +Inv MP+9 Str+4 Dex+3}
   (You bought it in a shop in the Dungeon)

   [ring of strength]

   It affects your strength (+4).
   It affects your dexterity (+3).
   It affects your magic capacity (+9).
   It lets you turn invisible.
   It lets you blink.
 m - the amulet "Rezxo" (around neck) {Spirit Str+2}
   (You bought it in a shop in the Dungeon)

   [amulet of guardian spirit]

   It causes incoming damage to be split between your health and magic.
   It affects your strength (+2).
Wands
 o - a wand of random effects (14)
 A - a wand of acid (3)
 I - a wand of iceblast (5)
Scrolls
 f - 3 scrolls of fog
 B - 4 scrolls of blinking {@r4}
Potions
 d - a potion of might {Str+5 DMG+1d10 | @q3}
 e - a potion of resistance {rF+ rC+ rPois rElec rCorr}
 i - 2 potions of magic
 j - a potion of berserk rage
 q - a potion of heal wounds
 H - 2 potions of haste {@q5}
Comestibles
 z - a ration


   Skills:
 + Level 8.5 Fighting
 + Level 7.4 Long Blades
 + Level 7.7 Armour
 + Level 4.9 Dodging
 + Level 6.8 Shields
 + Level 7.2 Invocations


You had 6 spell levels left.
You didn't know any spells.
Your spell library was empty.

Dungeon Overview and Level Annotations

Branches:
Dungeon (1/1)

Altars:
Cheibriados
Dithmenos
Fedhas
Gozag
Kikubaaqudgha
Makhleb
Okawaru
Qazlal
Ru
Sif Muna
Trog
Uskayaw
Vehumet
Wu Jian
Xom
Yredelemnul
Zin
The Shining One
Beogh
Jiyva
Lugonu

Shops:
D *[%??*?*:[((!!!!


Innate Abilities, Weirdness & Mutations

You are surrounded by a moderate repulsion field. (EV +3)
A weak demonic guardian rushes to your aid.


Message History

Your ufetubus is engulfed in noxious fumes.
Your ufetubus appears confused.
Your ufetubus hits your shadow imp but does no damage.
Your ufetubus completely misses your shadow imp.
Your shadow imp hits something but does no damage.
The spiny frog stings your ufetubus.
Your ufetubus is engulfed in noxious fumes.
Your ufetubus appears confused.
Your ufetubus barely misses the spiny frog.
Your ufetubus hits the spiny frog.
You feel less confused.
Your ufetubus is engulfed in noxious fumes.
Your ufetubus appears confused.
Your ufetubus hits the spiny frog.
Your ufetubus barely misses the spiny frog.
The spiny frog barely misses your ufetubus.
The four-headed hydra bites you!
* * * LOW HITPOINT WARNING * * *
The four-headed hydra bites you.
You die...

##### ##⌠⌠⌠## #.....#
##.....## ##∩.....∩##
#∩..@....∩# #_...D....#
#5......._# #F°○....._#
###5.○...[..###
#⌠{..........⌠#
######.8.........8.######
##∩___......###......___∩##
###∩........8.#
#.8).......∩###


You could see a four-headed hydra, a spiny frog, a friendly shadow imp and a
friendly ufetubus (confused).

Vanquished Creatures
  Sigmund (D)
  A sky beast (D)
  4 phantoms (D)
  An ogre (D)
  An orc priest (D)
  Terence (D)
  An iguana (D)
  An orc wizard (D)
  An adder skeleton (D)
  An adder zombie (D)
  A leopard gecko (D)
  An orc (D)
  A bat skeleton (D)
  A kobold (D)
  A quokka (D)
  A ball python skeleton (D)
  A frilled lizard (D)
  A leopard gecko skeleton (D)
21 creatures vanquished.

Vanquished Creatures (collateral kills)
  Maurice (D)
1 creature vanquished.

Grand Total: 22 creatures vanquished

Notes
Turn   | Place    | Note
-------+----------+-------------------------------------------
     0 | D        | Redear the Demonspawn Fighter began the quest for the Orb.
     0 | D        | Reached XP level 1. HP: 18/18 MP: 1/1
     1 | D        | Found a radiant altar of Vehumet.
     1 | D        | Found a viscous altar of Jiyva.
     2 | D        | Found a glowing golden altar of the Shining One.
     2 | D        | Found a roughly hewn altar of Beogh.
     3 | D        | Found an opulent altar of Gozag.
     4 | D        | Found a burning altar of Makhleb.
     4 | D        | Found a basalt altar of Yredelemnul.
     4 | D        | Found Ahalytsot's Staff Store.
     4 | D        | Found Desouw's Magic Scroll Shop.
     5 | D        | Found Naont's Must-Have Magic.
     5 | D        | Found Tetyhowi's Magic Scroll Shop.
     5 | D        | Round 1.
     7 | D        | Found a corrupted altar of Lugonu.
     8 | D        | Found an ancient bone altar of Kikubaaqudgha.
    11 | D        | Became a worshipper of Makhleb the Destroyer
    20 | D        | Found an iron altar of Okawaru.
    20 | D        | Found a bloodstained altar of Trog.
    26 | D        | Reached skill level 2 in Long Blades
    27 | D        | Found Lupeq's Delicious Food.
    27 | D        | Found a snail-covered altar of Cheibriados.
    27 | D        | Found a shadowy altar of Dithmenos.
    27 | D        | Found Lath's Identification Station.
    30 | D        | Found Ytysch's Jewellery.
    30 | D        | Found Leygg's Advanced Armour.
    33 | D        | Found an ornate altar of the Wu Jian Council.
    35 | D        | Found Jyzxa's Premium Goods.
    36 | D        | Found a glowing silver altar of Zin.
    36 | D        | Found a sacrificial altar of Ru.
    36 | D        | Found a shimmering altar of Xom.
    36 | D        | Found Enaulol's Weapon Rack.
    36 | D        | Found Bacweyra's Miscellaneous Merchandise.
    36 | D        | Found Yshraludgh's Basic Armour.
    40 | D        | Found a blossoming altar of Fedhas.
    41 | D        | Found a hide-covered altar of Uskayaw.
    42 | D        | Found a deep blue altar of Sif Muna.
    43 | D        | Found Yddarchu's Do-It-Yourself Clinic.
    43 | D        | Found a stormy altar of Qazlal.
    43 | D        | Found Vyutuest's Distillery.
    44 | D        | Found Fuasotat's Bottled Wisdom.
    44 | D        | Found Dyos's Distillery.
    49 | D        | Noticed Sigmund
    52 | D        | Killed Sigmund
    52 | D        | Reached skill level 5 in Fighting
    52 | D        | Reached skill level 4 in Long Blades
    52 | D        | Reached skill level 5 in Armour
    52 | D        | Reached skill level 5 in Shields
    52 | D        | Gained mutation: A weak demonic guardian rushes to your
                  | aid. [demonic ancestry]
    52 | D        | Reached XP level 2. HP: 28/28 MP: 2/2
    52 | D        | Gained mutation: You are surrounded by a mild repulsion
                  | field. (EV +2) [demonic ancestry]
    52 | D        | Reached XP level 3. HP: 34/34 MP: 3/3
    52 | D        | Reached XP level 4. HP: 40/40 MP: 4/4
    52 | D        | Reached XP level 5. HP: 46/46 MP: 5/5
    72 | D        | Reached * piety under Makhleb
    72 | D        | Reached skill level 6 in Fighting
    72 | D        | Reached skill level 5 in Long Blades
   155 | D        | Noticed Terence
   168 | D        | Killed Terence
   168 | D        | Arena points: 12 (+12) [x2]
   168 | D        | Reached skill level 1 in Invocations
   193 | D        | Round 2.
   195 | D        | Bought an ancient platinum ring for 45 gold pieces
   195 | D        | Bought a faintly glowing jade ring for 45 gold pieces
   195 | D        | Bought a glittering ruby amulet for 45 gold pieces
   204 | D        | Reached ** piety under Makhleb
   259 | D        | Reached skill level 1 in Dodging
   260 | D        | Reached skill level 6 in Armour
   260 | D        | Reached skill level 2 in Invocations
   268 | D        | Identified the amulet "Rezxo" {Spirit Str+2} (You bought it
                  | in a shop in the Dungeon)
   269 | D        | Identified the ring "Bimurad" {MP+9 Int+2 Dex+2} (You
                  | bought it in a shop in the Dungeon)
   270 | D        | Identified the ring "Ashuiso" {+Blink +Inv MP+9 Str+4
                  | Dex+3} (You bought it in a shop in the Dungeon)
   336 | D        | Reached *** piety under Makhleb
   336 | D        | Arena points: 48 (+36) [x3]
   388 | D        | Round 3.
   402 | D        | Noticed Maurice
   462 | D        | Killed Maurice
   462 | D        | Reached skill level 7 in Fighting
   462 | D        | Reached skill level 6 in Long Blades
   462 | D        | Reached skill level 7 in Armour
   462 | D        | Reached skill level 3 in Dodging
   462 | D        | Reached skill level 5 in Invocations
   462 | D        | Reached XP level 6. HP: 38/55 MP: 3/10
   516 | D        | Reached skill level 4 in Dodging
   516 | D        | Reached skill level 6 in Shields
   516 | D        | Gained mutation: You are surrounded by a moderate repulsion
                  | field. (EV +3) [demonic ancestry]
   516 | D        | Reached XP level 7. HP: 61/61 MP: 11/11
   527 | D        | Reached **** piety under Makhleb
   527 | D        | Reached skill level 6 in Invocations
   541 | D        | Bought 3 potions of heal wounds for 105 gold pieces
   547 | D        | Arena points: 132 (+84) [x4]
   547 | D        | Reached skill level 8 in Fighting
   547 | D        | Reached skill level 7 in Long Blades
   569 | D        | Round 4.
   690 | D        | Reached ***** piety under Makhleb
   690 | D        | Reached skill level 7 in Invocations
   718 | D        | Arena points: 272 (+140) [x5]
   768 | D        | Round 5.
   768 | D        | Noticed a witch
   775 | D        | Noticed a spiny frog
   785 | D        | Noticed a four-headed hydra
   790 | D        | HP: 6/63 [four-headed hydra[a witch] (6)]
   791 | D        | Noticed a four-headed hydra
   796 | D        | HP: 6/63 [four-headed hydra[a witch] (7)]
   796 | D        | Slain by a four-headed hydra

Levels and vault maps discovered:
D:        arena_sprint

Skill      XL: |  1  2  3  4  5  6  7 |
---------------+----------------------+-----
Long Blades    | 4 6 7 |  7.4
Fighting       | 5 7 8 |  8.5
Armour         | 5 7 |  7.7
Shields        | 5 6 |  6.8
Invocations    | 5 7 |  7.2
Dodging        | 3 4 |  4.9

Action                   |  1- 3 |  4- 6 |  7- 9 || total
-------------------------+-------+-------+-------++-------
Melee: Long sword        |     6 |    60 |    69 ||   135
Invok: Lesser Servant of |       |     2 |       ||     2
 Abil: Evoke Invisibilit |       |     1 |       ||     1
Evoke: Wand              |     1 |     1 |       ||     2
  Use: Potion            |       |     4 |     3 ||     7
 Stab: Distracted        |       |     1 |     1 ||     2
Armor: Scale mail        |     3 |    31 |    24 ||    58
Dodge: Dodged            |     4 |    24 |    45 ||    73
Block: Shield            |     3 |     1 |       ||     4
       Rpst.: Long sword |     2 |     9 |     9 ||    20

Table legend:
 A = Non-vault XP
 B = Vault XP
 C = Vault XP percentage of total XP
 D = Non-vault monster count
 E = Vault monster count
 F = Vault count percentage of total count
                 A         B        C        D         E       F
            +---------+---------+-------+---------+---------+-------
      Total |    1311 |       0 |   0.0 |      22 |       0 |   0.0
            +---------+---------+-------+---------+---------+-------
          D |    1311 |       0 |   0.0 |      22 |       0 |   0.0
            +---------+---------+-------+---------+---------+-------
